 Dungeon Crawl Stone Soup version 0.27.1 (webtiles) character file.

Game seed: 2503380519709929324

5303 DoubleLucky the Fighter (level 10, -7/144 HPs)
             Began as a Minotaur Berserker on Aug 28, 2021.
             Was an Elder of Trog.
             Killed by divine providence
             ... invoked by a meliai
              (17 damage)
             ... on level 8 of the Dungeon.
             The game lasted 00:30:43 (8080 turns).

DoubleLucky the Fighter (Minotaur Berserker)        Turns: 8080, Time: 00:30:43

Health: -7/144     AC: 19    Str: 25    XL:     10   Next: 37%
Magic:  9/9        EV:  8    Int:  4    God:    Trog [****..]
Gold:   915        SH:  5    Dex: 10    Spells: 9/9 levels left

rFire    . . .     SeeInvis .   b - +0 war axe
rCold    . . .     Faith    .   (no shield)
rNeg     . . .     Spirit   .   d - +0 plate armour
rPois    .         Reflect  +   (helmet restricted)
rElec    .         Harm     .   z - +0 cloak
rCorr    .         Rampage  .   C - +0 pair of gloves
Will     ++...                  u - +0 pair of boots
Stlth    ..........             o - amulet of reflection
HPRegen  1.34/turn              (no ring)
MPRegen  0.11/turn              (no ring)

@: berserking, lethally poisoned (-7 -> -8), strong-willed, regenerating, very
quick
A: horns 2, retaliatory headbutt
a: Renounce Religion, Berserk, Trog's Hand, Brothers in Arms


You were on level 8 of the Dungeon.
You worshipped Trog.
Trog was greatly pleased with you.
You visited 1 branch of the dungeon, and saw 8 of its levels.
You also visited: Bailey.

You collected 915 gold pieces.

Inventory:

Hand Weapons
 b - a +0 war axe (weapon)
 h - a +2 short sword of holy wrath
 y - a +1 vorpal halberd
 B - a +0 rapier of venom
Missiles
 c - 195 stones (quivered)
 i - 3 javelins
 m - 2 throwing nets
Armour
 d - a +0 plate armour (worn)
 u - a +0 pair of boots (worn)
 z - a +0 cloak (worn)
 C - a +0 pair of gloves (worn)
 D - the +1 tower shield of Zin's Generosity {*Slow rElec Str+4 Stlth+}
   (You found it on level 7 of the Dungeon)

   Str:       It affects your strength (+4).
   rElec:     It insulates you from electricity.
   *Slow:     It may slow you when you take damage.
   Stlth:     It makes you more stealthy.
 G - +0 steam dragon scales
Jewellery
 o - an amulet of reflection (around neck)
 p - the amulet of Vitality {Regen+ HP+15}
   (You found it on level 6 of the Dungeon)

   [amulet of regeneration]

   HP:        It affects your health (+15).
   Regen:     It increases your rate of health regeneration.
Wands
 v - a wand of mindburst (11)
Scrolls
 a - a scroll of fog {unknown}
 e - a scroll of noise {unknown}
 j - a scroll of acquirement {unknown}
 k - a scroll of brand weapon {unknown}
 n - a scroll of magic mapping {unknown}
 q - a scroll of silence {unknown}
 r - a scroll of summoning {unknown}
 s - 2 scrolls of enchant weapon
 t - a scroll of holy word {unknown}
 w - a scroll of teleportation {unknown}
 E - a scroll of enchant armour {unknown}
Potions
 f - a potion of heal wounds
 g - 5 potions of curing
 l - 3 potions of haste
 x - a potion of cancellation {unknown}
 A - a potion of mutation {unknown}
 F - a potion of berserk rage {unknown}


   Skills:
 + Level 11.3 Fighting
 + Level 10.7 Axes
 + Level 11.1 Armour
 - Level 2.2 Dodging


You had 9 spell levels left.
You didn't know any spells.
Your spell library was empty.

Dungeon Overview and Level Annotations

Branches:
Dungeon (8/15)             Temple (0/1) D:4          Bailey (visited)
   Lair: D:8-11

Altars:
Dithmenos
Elyvilon
Kikubaaqudgha
Trog
Wu Jian

Shops:
D:6 (

Annotations:
D:5 exclusion: downstairs


Innate Abilities, Weirdness & Mutations

You have a pair of horns on your head.
You reflexively headbutt those who attack you in melee.


Message History

You kill the acid dragon!
Trog accepts your kill. The meliai hits you but does no damage.
The meliai stings you!
* * * LOW HITPOINT WARNING * * *
You are poisoned.
The meliai poisons you!
Your skin crawls.
You feel strong-willed.
You feel very sick.
The meliai hits you with a +0 morningstar.
* * * LOW HITPOINT WARNING * * *
The meliai stings you but does no damage.
The meliai hits you but does no damage.
The meliai stings you but does no damage.
A red film seems to cover your vision as you go berserk!
You feel yourself moving faster!
You feel mighty!
You feel very sick.
The meliai invokes the aid of its god against you.
Something smites you!
* * * LOW HITPOINT WARNING * * *
The meliai hits you with a +0 morningstar.
* * * LOW HITPOINT WARNING * * *
The meliai stings you but does no damage.
You slash the meliai! Your headbutt misses the meliai.
The meliai is moderately wounded.
You feel sick. You block the meliai's attack.
The meliai stings you but does no damage.
You block the meliai's attack.
The meliai stings you but does no damage.
You are too berserk!
You miss the meliai. Your headbutt misses the meliai.
The meliai is moderately wounded.
You feel sick. The meliai hits you but does no damage.
You block the meliai's attack.
You closely miss the meliai.
The meliai is lightly wounded.
You feel sick.
The meliai mumbles some strange prayers to its god against you.
Something smites you!
You die...

#....#......#
#......#..####
#...#..#......
#..#..........##
#..#...#.#.#..# # ##
#.......#..##.### #
#.....#............
#.#....#.y..##+##.#
#.##....#@#....[...#
.# #....#.#........#
#....###).......#
##...........##.#
#..#..#.##### #..#.#
.D. #.# .y#. #..
.... ...


You could see a meliai.

Vanquished Creatures
  A two-headed ogre (D:6)
  An orc knight (Bailey)
  Maggie (D:8)
  The ghost of denis1488 the Insei, an amateur DjTm (D:4)
  Prince Ribbit (D:5)
  A wyvern (D:8)
  An acid dragon (D:8)
  2 water moccasins (D:8)
  An ice beast (D:6)
  A hornet zombie (D:4)
  7 orc warriors
  3 ogres
  A centaur (D:8)
  A gnoll sergeant (D:8)
  7 bullfrogs
  A water moccasin zombie (D:6)
  3 wyvern skeletons
  2 water moccasin skeletons (D:6)
  4 wights (D:7)
  2 bullfrog zombies (D:4)
  4 centaur skeletons
  A centaur zombie (D:7)
  2 hounds
  3 jellies
  5 orc priests
  A bullfrog skeleton (D:4)
  An iguana (D:5)
  6 orc wizards
  2 hound skeletons
  6 adders
  A howler monkey skeleton (D:5)
  2 shadow imps (D:7)
  An ufetubus (D:4)
  An adder skeleton (D:4)
  A worm (D:4)
  3 dart slugs
  29 orcs
  7 endoplasms
  2 giant cockroaches
  10 goblins
  13 hobgoblins
  6 jackals
  20 kobolds
  2 quokkas
  7 ball pythons
  4 bats
  5 frilled lizards
  A quokka skeleton (D:4)
  7 rats
195 creatures vanquished.

Vanquished Creatures (collateral kills)
  A gnoll (Bailey)
  An orc (Bailey)
2 creatures vanquished.

Grand Total: 197 creatures vanquished

Notes
Turn   | Place    | Note
-------+----------+-------------------------------------------
     0 | D:1      | DoubleLucky the Minotaur Berserker began the quest for the
                  | Orb.
     0 | D:1      | Reached XP level 1. HP: 19/19 MP: 0/0
   217 | D:1      | Reached XP level 2. HP: 27/27 MP: 1/1
   466 | D:1      | Reached ** piety under Trog
   656 | D:1      | Found a faded altar of an unknown god.
   937 | D:2      | Reached XP level 3. HP: 34/34 MP: 2/2
  2084 | D:3      | Reached XP level 4. HP: 41/41 MP: 3/3
  2355 | D:3      | Reached skill level 5 in Fighting
  2574 | D:4      | Found a transporter.
  2574 | D:4      | Noticed denis1488's ghost (amateur DjTm)
  2599 | D:4      | Reached XP level 5. HP: 48/48 MP: 4/4
  2607 | D:4      | Reached skill level 5 in Armour
  2607 | D:4      | Reached XP level 6. HP: 57/57 MP: 5/5
  2608 | D:4      | Killed denis1488's ghost
  2609 | D:4      | Reached skill level 5 in Axes
  2610 | D:4      | Found a transporter.
  2700 | D:4      | Reached *** piety under Trog
  2897 | D:4      | Reached XP level 7. HP: 64/64 MP: 6/6
  3208 | D:4      | Found a staircase to the Ecumenical Temple.
  3258 | D:4      | Found a shadowy altar of Dithmenos.
  3266 | D:4      | Found an ornate altar of the Wu Jian Council.
  3269 | D:4      | Found a bloodstained altar of Trog.
  3273 | D:4      | Found an ancient bone altar of Kikubaaqudgha.
  3654 | D:5      | Entered Level 5 of the Dungeon
  3844 | D:5      | Noticed Prince Ribbit
  3868 | D:5      | Killed Prince Ribbit
  4036 | D:5      | Reached XP level 8. HP: 59/74 MP: 7/7
  4401 | D:5      | Found a white marble altar of Elyvilon.
  4592 | D:6      | Noticed a two-headed ogre
  4865 | D:6      | Killed a two-headed ogre
  5162 | D:6      | Reached XP level 9. HP: 71/83 MP: 8/8
  5406 | D:6      | Found Eziy's Weapon Shoppe.
  5460 | D:6      | Found the amulet of Vitality {Regen+ HP+15}
  6002 | D:7      | Reached **** piety under Trog
  6540 | D:7      | Reached skill level 10 in Fighting
  6928 | D:7      | Identified the +1 tower shield of Zin's Generosity {*Slow
                  | rElec Str+4 Stlth+}
  6972 | D:8      | Reached skill level 10 in Armour
  7035 | D:8      | Found a flagged portal.
  7048 | Bailey   | Entered a bailey
  7064 | Bailey   | Noticed an orc knight
  7081 | Bailey   | Killed an orc knight
  7082 | Bailey   | Reached skill level 10 in Axes
  7085 | Bailey   | Reached XP level 10. HP: 81/94 MP: 9/9
  7741 | D:8      | Noticed Maggie
  7761 | D:8      | Killed Maggie
  8080 | D:8      | Killed from afar by a meliai

Illustrated notes

Levels and vault maps discovered:
D:1:      dpeg_arrival_three_same_balls, layout_basic,
          ebering_ecumenical_altar_abandoned
D:2:      layout_loops_cross
D:3:      layout_basic, minivault_25
D:4:      layout_basic, grunt_temple_overflow_cloverleaf,
          minmay_temple_entry_glassed_door, gammafunk_ghost_mausoleum
D:5:      layout_rooms, marbit_many_paths, chequers_serial_rivers_micro_a,
          uniq_prince_ribbit1
D:6:      layout_gridville, serial_shops, nicolae_inconvenience_store
D:7:      layout_layer_cave, kennysheep_small_square
D:8:      minmay_ornate_pinched, layout_basic,
          lemuel_mausoleum_altar_yredelemnul, enter_bailey_4, uniq_maggie

Skill      XL: |  1  2  3  4  5  6  7  8  9 10 |
---------------+-------------------------------+-----
Fighting       | 4 5 6 7 9 10 11 | 11.3
Armour         | 3 4 5 6 7 8 10 11 | 11.1
Axes           | 4 5 6 8 10 | 10.7
Dodging        | |  2.2

Action                   |  1- 3 |  4- 6 |  7- 9 | 10-12 || total
-------------------------+-------+-------+-------+-------++-------
Melee: Hand axe          |    11 |       |       |       ||    11
       Headbutt          |    12 |     6 |    48 |    16 ||    82
       War axe           |    79 |    61 |   254 |    98 ||   492
Throw: Stone             |       |       |    42 |       ||    42
Invok: Trog's Hand       |       |     2 |     6 |     2 ||    10
       Berserk           |       |     2 |     4 |     2 ||     8
       Brothers in Arms  |       |       |       |     1 ||     1
  Use: Scroll            |       |       |     6 |     1 ||     7
       Potion            |       |       |       |     4 ||     4
Armor: Plate armour      |    69 |    40 |   156 |   121 ||   386
Dodge: Dodged            |    33 |     9 |   111 |    81 ||   234
Block: Other             |     1 |    16 |    70 |    51 ||   138
       Reflection        |       |       |    19 |    30 ||    49
